 Dungeon Crawl Stone Soup version 0.28-a0-1435-g82390b3a13 (webtiles) character file.

Game seed: 9937835144557425206

11641 HoaS the Grappler (level 11, -8/95 HPs)
             Began as a Ghoul Gladiator on Jan 9, 2022.
             Was an Elder of Makhleb.
             Mangled by a cyan ugly thing (15 damage)
             ... on level 9 of the Dungeon.
             The game lasted 00:20:38 (10083 turns).

HoaS the Grappler (Ghoul Gladiator)                Turns: 10083, Time: 00:20:38

Health: -8/95      AC: 15    Str: 21    XL:     11   Next: 80%
Magic:  0/10       EV:  8    Int: -2 (3) God:    Makhleb [****..]
Gold:   613        SH:  0    Dex: 12    Spells: 10/10 levels left

rFire   . . .      SeeInvis .     - Unarmed
rCold   + . .      Faith    .   (no shield)
rNeg    + + +      Spirit   +   i - +0 plate armour
rPois   ∞          Reflect  .   b - +2 helmet
rElec   .          Harm     .   c - +2 cloak {rCorr}
rCorr   +          Rampage  .   (no gloves)
Will    .....                   (no boots)
Stlth   ..........              o - amulet of guardian spirit
HPRegen 0.00/turn               e - ring of flight
MPRegen 0.12/turn               (no ring)

@: corroded, flying, inhibited regen, slowed, lost intelligence, unable to read,
very slow
A: claws 1, cold resistance 1, negative energy resistance 3, inhibited
regeneration, torment resistance 2
a: Renounce Religion, Minor Destruction, Lesser Servant of Makhleb, Major
Destruction


You were on level 9 of the Dungeon.
You worshipped Makhleb.
Makhleb was greatly pleased with you.
You visited 2 branches of the dungeon, and saw 10 of its levels.

You collected 613 gold pieces.

Inventory:

Missiles
 h - 5 boomerangs of dispersal
 k - 2 silver javelins
 m - 6 curare-tipped darts
 s - 57 poisoned darts (quivered)
 v - 7 boomerangs
Armour
 b - a +2 helmet (worn)
 c - a +2 cloak of preservation (worn)
 i - a +0 plate armour (worn)
Jewellery
 e - a ring of flight (left claw)
 o - an amulet of guardian spirit (around neck)
Wands
 l - a wand of flame (22)
 r - a wand of iceblast (8)
 t - a wand of polymorph (12)
 y - a wand of digging (9)
Scrolls
 f - 2 scrolls of noise
 n - a scroll of magic mapping
 x - 4 scrolls of holy word
 z - a scroll of fog {unknown}
 A - a scroll of enchant weapon {unknown}
 C - a scroll of immolation {unknown}
Potions
 a - a potion of flight
 d - 4 potions of curing
 g - a potion of berserk rage {unknown}
 j - a potion of attraction
 p - a potion of ambrosia
 q - a potion of haste {unknown}
 u - a potion of lignification {unknown}
 w - a potion of magic {unknown}
 B - a potion of heal wounds


   Skills:
 + Level 8.4 Fighting
 - Level 1.7 Throwing
 + Level 7.3 Armour
 + Level 7.3 Dodging
 * Level 14.3 Unarmed Combat


You had 10 spell levels left.
You didn't know any spells.
Your spell library contained the following spells:

 Spells                   Type           Power      Damage    Failure   Level
 Frozen Ramparts          Ice            0%         1d2       100%        3
 Ozocubu's Armour         Ice            0%         N/A       100%        3
 Animate Armour           Summ/Erth      0%         N/A       100%        4
 Summon Ice Beast         Ice/Summ       0%         N/A       100%        4
 Iron Shot                Conj/Erth      0%         9d1       100%        6
 Ozocubu's Refrigeration  Ice            0%         4d5       100%        7
 Ice Form                 Ice/Tmut       Unusable   N/A       N/A         4
 Blade Hands              Tmut           Unusable   N/A       N/A         5

Dungeon Overview and Level Annotations

Branches:
Dungeon (9/15)             Temple (1/1) D:6
   Lair: D:8-11         Orc: D:9-12

Altars:
Ashenzari
Cheibriados
Dithmenos
Elyvilon
Fedhas
Gozag
Hepliaklqana
Kikubaaqudgha
Makhleb
Nemelex Xobeh
Okawaru
Qazlal
Ru
Sif Muna
Trog
Uskayaw
Vehumet
Wu Jian
Xom
Yredelemnul
Zin
The Shining One

Annotations:
D:6 3 runed translucent doors, NigelTetley's ghost, novice FoFi


Innate Abilities, Weirdness & Mutations

You thrive by killing the living.
You are immune to poison.
You have sharp fingernails.
Your flesh is cold resistant. (rC+)
You are immune to negative energy. (rN+++)
You do not regenerate when monsters are visible.
You are immune to unholy pain and torment.


Message History

The green ugly thing is lightly wounded.
The brown ugly thing completely misses you.
The green ugly thing basks in the mutagenic energy from its kin and changes!
You mangle the green ugly thing!!
The green ugly thing is heavily wounded.
The brown ugly thing basks in the mutagenic energy from its kin and changes!
The green ugly thing tentacle-slaps you but does no damage.
You scratch the green ugly thing but do no damage.
The green ugly thing is heavily wounded.
The cyan ugly thing engulfs you! The cyan ugly thing shocks you!
The green ugly thing tentacle-slaps you.
You claw the green ugly thing!
You claw the green ugly thing, but do no damage.
The green ugly thing is heavily wounded.
The glowing orange brain pulsates.
You feel dopey. Something feeds on your intellect!
The green ugly thing basks in the mutagenic energy from its kin and changes!
The cyan ugly thing engulfs you but does no damage.
The cyan ugly thing trunk-slaps you but does no damage.
You claw the brown ugly thing!
The brown ugly thing is severely wounded.
The cyan ugly thing engulfs you but does no damage.
The cyan ugly thing trunk-slaps you! The cyan ugly thing shocks you!
You closely miss the brown ugly thing.
The brown ugly thing is severely wounded.
The cyan ugly thing engulfs you. The cyan ugly thing shocks you!
The brown ugly thing punches you. The acid corrodes you!
You are splashed with acid.
You resist. The cyan ugly thing trunk-slaps you!
* * * LOW HITPOINT WARNING * * *
The cyan ugly thing shocks you!
* * * LOW HITPOINT WARNING * * *
You claw the brown ugly thing!
The brown ugly thing is almost dead.
The cyan ugly thing basks in the mutagenic energy from its kin and changes!
The brown ugly thing punches you but does no damage.
The cyan ugly thing trunk-slaps you.
* * * LOW HITPOINT WARNING * * *
The cyan ugly thing shocks you!
You die...

............#...#...#
............##'##...# #######
....................#######......
.................................
.................................
.......#######.#####.............
.......#.....#.#...'.............
.....###.....#..#################
.....#.......#.u@#!..§#. #.
.....#.......#.uu#.#.#.# #.
.....#......##..uGu...#. #.
.....##.....#....'..#... #.
......#.....#....'...!#. #.
....###.....#....#.#.#.# #.
....#...)...#....#....#. #.
##..####)####...################.
#.....))......................##


You could see 5 ugly things and a glowing orange brain (misshapen).

Vanquished Creatures
  An ogre mage (D:9)
  2 two-headed ogres (D:9)
  Pikel (D:4)
  Maggie (D:8)
  A kobold demonologist (D:8)
  Grinder (D:3)
  A hornet (D:9)
  Sigmund (D:2)
  7 yaks
  A shadow (D:6)
  A vampire (D:9)
  2 wyverns
  A steam dragon (D:8)
  Grum (D:8)
  Menkaure (D:6)
  Duvessa (D:6)
  Edmund (D:6)
  14 two-headed ogre zombies (D:9)
  3 water moccasins
  An ice beast (D:6)
  3 black bears
  A sky beast (D:5)
  3 necrophages
  An orc warrior (D:8)
  4 wolves (D:8)
  An ogre (D:5)
  A centaur (D:8)
  A lemure (D:4)
  2 phantoms (D:5)
  10 kobold brigands
  Blork the orc (D:7)
  A wyvern zombie (D:6)
  4 scorpions
  4 bullfrogs
  Dowan (D:6)
  A killer bee (D:9)
  A wight (D:9)
  2 howler monkeys (D:7)
  2 centaur zombies
  2 jellies
  10 orc priests
  2 bullfrog skeletons
  2 hounds
  2 gnoll shamans
  Crazy Yiuf (D:3)
  2 iguanas (D:6)
  8 orc wizards
  Natasha (thrice) (D:3)
  2 ogre zombies (D:9)
  Robin (D:2)
  3 howler monkey zombies
  21 gnolls
  A howler monkey skeleton (D:5)
  3 adders
  A white imp (D:6)
  2 ufetubi
  2 adder skeletons (D:4)
  A worm (D:4)
  2 dart slugs
  18 orcs
  3 ball pythons
  3 endoplasms
  A giant cockroach (D:2)
  12 goblins
  13 hobgoblins
  4 quokkas
  6 bats
  2 frilled lizards
  18 kobolds
  4 rats
242 creatures vanquished.

Vanquished Creatures (others)
  A fungus (D:3)
1 creature vanquished.

Grand Total: 243 creatures vanquished

Notes
Turn   | Place    | Note
-------+----------+-------------------------------------------
     0 | D:1      | HoaS the Ghoul Gladiator began the quest for the Orb.
     0 | D:1      | Reached XP level 1. HP: 17/17 MP: 0/0
   221 | D:1      | Reached XP level 2. HP: 21/24 MP: 1/1
   503 | D:1      | Reached skill level 4 in Unarmed Combat
   503 | D:1      | Found a faded altar of an unknown god.
   562 | D:1      | Reached skill level 1 in Armour
   608 | D:1      | Reached XP level 3. HP: 25/29 MP: 2/2
   919 | D:2      | Noticed Sigmund
   929 | D:2      | Killed Sigmund
   930 | D:2      | Reached skill level 5 in Unarmed Combat
   930 | D:2      | Reached XP level 4. HP: 31/36 MP: 3/3
   930 | D:2      | Reached XP level 5. HP: 36/41 MP: 4/4
  1007 | D:2      | Found a shimmering altar of Xom.
  1234 | D:2      | Reached skill level 6 in Unarmed Combat
  1541 | D:2      | Noticed Robin
  1554 | D:2      | Killed Robin
  1565 | D:2      | Reached XP level 6. HP: 47/48 MP: 5/5
  1993 | D:3      | Noticed Natasha
  1996 | D:3      | Killed Natasha
  2130 | D:3      | Noticed Grinder
  2131 | D:3      | Paralysed by Grinder for 5 turns
  2664 | D:3      | Reached skill level 7 in Unarmed Combat
  3025 | D:4      | Noticed a black bear
  3039 | D:4      | Killed a black bear
  3040 | D:4      | Reached XP level 7. HP: 51/55 MP: 6/6
  3051 | D:4      | Noticed Pikel
  3076 | D:4      | HP: 2/55 [Pikel (1)]
  3079 | D:4      | Killed Pikel
  3080 | D:4      | Reached skill level 9 in Unarmed Combat
  3080 | D:4      | Reached XP level 8. HP: 1/62 MP: 7/7
  3406 | D:3      | Paralysed by Grinder for 3 turns
  3421 | D:3      | Killed Grinder
  3558 | D:3      | Noticed Natasha
  3563 | D:3      | Killed Natasha
  3650 | D:3      | Found a runed translucent door.
  3651 | D:3      | Noticed Crazy Yiuf
  3663 | D:3      | Killed Crazy Yiuf
  3853 | D:3      | Noticed Natasha
  3865 | D:3      | Killed Natasha
  4053 | D:4      | Reached skill level 10 in Unarmed Combat
  4298 | D:5      | Entered Level 5 of the Dungeon
  4300 | D:5      | You are sucked into a shaft and drop 3 floors!
  4443 | D:8      | Noticed Grum
  4453 | D:8      | Reached XP level 9. HP: 59/71 MP: 5/8
  4464 | D:8      | Killed Grum
  4923 | D:6      | Found a staircase to the Ecumenical Temple.
  4928 | Temple   | Entered the Ecumenical Temple
  5092 | Temple   | Became a worshipper of Makhleb the Destroyer
  5195 | D:6      | Reached skill level 11 in Unarmed Combat
  5279 | D:6      | Reached skill level 5 in Fighting
  5416 | D:6      | Noticed Blork the orc
  5430 | D:7      | Killed Blork the orc
  5734 | D:6      | Noticed Dowan
  5735 | D:6      | Noticed Duvessa
  5744 | D:6      | Killed Duvessa
  5745 | D:6      | Reached skill level 5 in Dodging
  5746 | D:6      | Killed Dowan
  5747 | D:6      | Reached skill level 5 in Armour
  5831 | D:5      | Reached * piety under Makhleb
  5883 | D:5      | Reached XP level 10. HP: 78/83 MP: 9/9
  6149 | D:5      | Reached skill level 12 in Unarmed Combat
  7103 | D:6      | Noticed Edmund
  7123 | D:6      | Killed Edmund
  7149 | D:6      | Found a runed translucent gate.
  7149 | D:6      | Found a runed translucent gate.
  7149 | D:6      | Found a runed translucent gate.
  7149 | D:6      | Noticed NigelTetley's ghost (novice FoFi)
  7245 | D:6      | Noticed Menkaure
  7251 | D:6      | Killed Menkaure
  8006 | D:7      | Reached ** piety under Makhleb
  8114 | D:8      | Noticed Maggie
  8122 | D:8      | Killed Maggie
  8830 | D:8      | Reached skill level 13 in Unarmed Combat
  8840 | D:8      | Noticed a kobold demonologist
  8855 | D:8      | Killed a kobold demonologist
  8860 | D:8      | Reached XP level 11. HP: 92/92 MP: 10/10
  9116 | D:9      | Reached *** piety under Makhleb
  9474 | D:9      | Found a runed translucent gate.
  9474 | D:9      | Found a runed translucent gate.
  9475 | D:9      | Found a runed translucent gate.
  9477 | D:9      | Noticed a purple ugly thing
  9477 | D:9      | Noticed a white ugly thing
  9477 | D:9      | Noticed a red ugly thing
  9478 | D:9      | Noticed a red ugly thing
  9479 | D:9      | Noticed a white ugly thing
  9482 | D:9      | Noticed a glowing orange brain
  9563 | D:9      | Noticed a two-headed ogre
  9576 | D:9      | Killed a two-headed ogre
  9604 | D:9      | Reached skill level 14 in Unarmed Combat
  9611 | D:9      | Noticed a two-headed ogre
  9613 | D:9      | Noticed an ogre mage
  9627 | D:9      | Killed a two-headed ogre
  9633 | D:9      | Killed an ogre mage
  9649 | D:9      | Reached **** piety under Makhleb
 10070 | D:9      | Lost intelligence.
 10083 | D:9      | Mangled by a cyan ugly thing

Illustrated notes

Levels and vault maps discovered:
D:1:      psy_arrival_whirlpool, layout_loops_corners,
          shapermc_ecumenical_altar_acropolis, hangedman_abyss_or_decor_stabs
D:2:      layout_loops_ring, basic_altar, grunt_ministairs_4,
          kennysheep_cross_room, uniq_robin, uniq_sigmund
D:3:      layout_basic, uniq_crazy_yiuf_cottage, uniq_grinder, uniq_natasha
D:4:      layout_loops_ring, grunt_decor_cap, item_on_display_a, uniq_pikel
D:5:      layout_layer_cave
D:6:      layout_basic, minmay_temple_entry_from_below_a,
          ebering_ghost_rock_garden, uniq_menkaure, uniq_blork_the_orc,
          uniq_edmund, uniq_duvessa
D:7:      layout_loops_cross
D:8:      layout_loops_ring, special_room [special_room_kobold],
          minmay_misc_feat_tower, minmay_bent, uniq_maggie, uniq_grum
D:9:      lemuel_ogre_cave, layout_irregular_city, mainiacjoe_overflow_alcove_1,
          ploomutoo_gammafunk_ghost_potion_laboratory, minivault_19
Temple:   kilobyte_greek_temple

Skill      XL: |  1  2  3  4  5  6  7  8  9 10 11 |
---------------+----------------------------------+-----
Unarmed Combat | 4 5 6 7 9 10 11 13 14 | 14.3
Armour         | 1 2 3 4 5 6 7 |  7.3
Dodging        | 3 4 5 6 7 |  7.3
Fighting       | 4 5 7 8 |  8.4
Throwing       | |  1.7

Action                   |  1- 3 |  4- 6 |  7- 9 | 10-12 || total
-------------------------+-------+-------+-------+-------++-------
Melee: Unarmed           |    85 |   121 |   272 |   470 ||   948
       Punch             |     1 |     4 |    14 |    45 ||    64
Throw: Throwing net      |     2 |     1 |     4 |     1 ||     8
  Use: Scroll            |       |     6 |     6 |     5 ||    17
       Potion            |       |       |     1 |       ||     1
 Stab: Held in net/web   |       |     1 |       |     3 ||     4
Armor: Leather armour    |    26 |    20 |       |       ||    46
       Ring mail         |       |     6 |     9 |       ||    15
       Chain mail        |       |       |    27 |       ||    27
       Plate armour      |       |       |    89 |   215 ||   304
Dodge: Dodged            |    51 |    57 |    85 |   104 ||   297

Table legend: (Time is in decaauts)
 A = Elapsed time spent in this place.
 B = Non-inter-level travel time spent in this place.
 C = Inter-level travel time spent in this place.
 D = Time resting spent in this place.
 E = Time spent auto-exploring this place.
 F = Levels seen in this place.
 G = Mean time per level.
                   A        B        C        D        E       F      G
               +--------+--------+--------+--------+--------+-----+--------+
         Total |   9901 |   9454 |    447 |   1903 |   5721 |  10 |  990.1 |
       Dungeon |   9704 |   9294 |    410 |   1903 |   5568 |   9 | 1078.2 |
        Temple |    196 |    159 |     37 |      0 |    153 |   1 |  196.0 |
               +--------+--------+--------+--------+--------+-----+--------+

Top non-repeatable levels by time:
     D:3: 1404 daAuts
     D:8: 1305 daAuts
     D:5: 1230 daAuts
     D:9: 1113 daAuts
     D:4: 1095 daAuts
     D:2: 1014 daAuts
     D:6: 952 daAuts
     D:7: 832 daAuts
     D:1: 755 daAuts
  Temple: 196 daAuts
